 Dungeon Crawl Stone Soup version 0.21.0-3-g78d12a8 (webtiles) character file.

14 letownia2 the Magician (level 2, -1/13 HPs)
             Began as a Vine Stalker Wizard on Jan 14, 2018.
             Slain by a howler monkey (5 damage)
             ... on level 4 of the Dungeon.
             The game lasted 00:03:23 (973 turns).

letownia2 the Magician (Vine Stalker Wizard)         Turns: 973, Time: 00:03:23

Health: -1/13      AC:  3    Str:  9    XL:     2   Next: 45%
Magic:  0/7        EV: 11    Int: 18    God:
Gold:   65         SH:  0    Dex: 12    Spells: 7/8 levels left

rFire    . . .     SeeInvis .   g - +0 dagger
rCold    . . .     Gourm    .   (no shield)
rNeg     . . .     Faith    .   k - +0 leather armour
rPois    .         Spirit   +   b - +0 hat
rElec    .         Reflect  .   (no cloak)
rCorr    .         Harm     .   (no gloves)
MR       .....                  (no boots)
Stlth    ++........             (no amulet)
HPRegen  0.04/turn              (no ring)
MPRegen  0.10/turn              (no ring)

@: very slightly contaminated
A: fangs 2, magic shield, antimagic bite, no potion heal 3, rot immunity
a: no special abilities


You were on level 4 of the Dungeon.
You were not hungry.

You visited 1 branch of the dungeon, and saw 4 of its levels.

You collected 65 gold pieces.

Inventory:

Hand Weapons
 g - a +0 dagger (weapon)
Armour
 b - a +0 hat (worn)
 e - a +0 ring mail
 k - a +0 leather armour (worn)
Wands
 a - a wand of random effects (11)
Scrolls
 f - a scroll of blinking {unknown}
 h - a scroll of identify {unknown}
 i - a scroll of remove curse {unknown}
 j - a scroll of teleportation {unknown}
Potions
 l - a potion of mutation {unknown}
Books
 c - a book of Minor Magic

   Spells                             Type                      Level
   a - Magic Dart                     Conjuration                  1
   b - Blink                          Translocation                2
   c - Call Imp                       Summoning                    2
   d - Slow                           Hexes                        2
   e - Conjure Flame                  Conjuration/Fire             3
   f - Mephitic Cloud                 Conjuration/Poison/Air       3
Comestibles
 d - 3 rations


   Skills:
 - Level 1.7 Dodging
 - Level 2.5 Stealth
 - Level 3.5 Spellcasting
 + Level 1.8 Conjurations
   Level 1.0 Summonings
   Level 1.0 Translocations


You had 7 spell levels left.
You knew the following spells:

 Your Spells              Type           Power        Failure   Level  Hunger
a - Magic Dart            Conj           #...         11%         1    None


Dungeon Overview and Level Annotations

Branches:
Dungeon (4/15)
 Temple: D:4-7

Altars:
Dithmenos
Qazlal
Wu Jian
Xom


Innate Abilities, Weirdness & Mutations

You have extremely sharp teeth.
When hurt, damage is shared between your health and your magic reserves.
Your bite disrupts and absorbs the magic of your enemies.
Potions cannot restore your health.
You are immune to rotting.


Message History

The howler monkey hits you.
You hit the howler monkey.
The howler monkey is heavily wounded.
The howler monkey closely misses you.
You hit the howler monkey.
The howler monkey is severely wounded.
The howler monkey hits you.
You barely miss the howler monkey.
The howler monkey is severely wounded.
The howler monkey barely misses you.
You hit the howler monkey. Your bite misses the howler monkey.
The howler monkey is severely wounded.
The howler monkey barely misses you. x2
An iguana comes into view.
You barely miss the howler monkey.
The iguana hisses angrily.
Your bite misses the howler monkey.
The howler monkey is severely wounded.
The howler monkey hits you.
You die...

_..#'#
#....##.# ^...
#.....#.# .#
#....##.#
#.......#
####.#### #.#
#. #.#
.#..l########.#
...>..h@......#
.###.##########


You could see a howler monkey and an iguana.

Vanquished Creatures
  An adder skeleton (D:4)
  A leopard gecko (D:3)
  An orc (D:4)
  3 giant cockroaches (D:3)
  A bat (D:2)
  A frilled lizard (D:2)
  A goblin (D:2)
  A kobold (D:2)
10 creatures vanquished.

Notes
Turn   | Place    | Note
-------+----------+-------------------------------------------
     0 | D:1      | letownia2 the Vine Stalker Wizard began the quest for the Orb.
     0 | D:1      | Reached XP level 1. HP: 9/9 MP: 5/5
   593 | D:3      | Reached XP level 2. HP: 13/13 MP: 0/7
   685 | D:3      | Found a shadowy altar of Dithmenos.
   685 | D:3      | Found an ornate altar of the Wu Jian Council.
   740 | D:4      | Noticed an ogre
   784 | D:3      | Found a stormy altar of Qazlal.
   913 | D:4      | Found a shimmering altar of Xom.
   962 | D:4      | Noticed a howler monkey
   973 | D:4      | Slain by a howler monkey

Action                   || total
-------------------------++-------
Melee: Dagger            ||    19
       Unarmed           ||     2
       Bite              ||     2
 Cast: Magic Dart        ||    39
Armor: Ring mail         ||    13
       Robe              ||     1
       Leather armour    ||     1
Dodge: Dodged            ||    25
